 Dungeon Crawl Stone Soup version 0.31-a0-700-gf13585253f (webtiles) character file.

Game seed: 16669173329935258922

5231 qw the Skirmisher (level 10, -8/64 HPs)
             Began as a Gargoyle Hunter on Sept 7, 2023.
             Mangled by a large slime creature (29 damage)
             ... on level 7 of the Dungeon.
             The game lasted 00:02:17 (5476 turns).

qw the Skirmisher (Gargoyle Hunter)                 Turns: 5476, Time: 00:02:18

Health: -8/64      AC: 18    Str: 18    XL:     10   Next: 61%
Magic:  10/10      EV: 13    Int:  7    God:
Gold:   199        SH:  0    Dex: 21    Spells: 9/9 levels left

rFire   + . .        Y - +4 longbow (flame)
rCold   . . .        (shield currently unavailable)
rNeg    + . .        k - +2 ring mail of Resourcefulness {rPois Str+4 Int-4 Dex+4}
rPois   inf          f - +0 helmet
rElec   +            (no cloak)
rCorr   .            g - +0 pair of gloves
SInv    .            c - +0 pair of boots
Will    .....        (no amulet)
Stlth   +            (no ring)
HPRegen 0.30/turn    (no ring)
MPRegen 0.12/turn

%: clarity
@: about to teleport
A: sickness immunity, AC +7, negative energy resistance 1, electricity
resistance, torment resistance 1, petrification resistance, clarity, fire
resistance 1, subdued magic 1
a: no special abilities


You were on level 7 of the Dungeon.
You visited 1 branch of the dungeon, and saw 7 of its levels.

You collected 430 gold pieces.
You spent 231 gold pieces at shops.


Innate Abilities, Weirdness & Mutations

You are immune to sickness and miasma.
Your stone body is resilient. (AC +7)
You are immune to poison.
You resist negative energy. (rN+)
You are resistant to electric shocks. (rElec)
You are resistant to unholy torment.
You are immune to petrification.
You possess an exceptional clarity of mind.
Your flesh is heat resistant. (rF+)
Your spells are a little easier to cast, but a little less powerful.


   Skills:
 - Level 8.0 Fighting
 + Level 12.8 Ranged Weapons
 - Level 4.1 Armour
 - Level 4.2 Dodging
 - Level 1.1 Stealth


You had 9 spell levels left.
You didn't know any spells.
Your spell library was empty.

Inventory:

Hand Weapons
 Y - a +4 longbow of flaming (weapon)
Armour
 c - a +0 pair of boots (worn)
 f - a +0 helmet (worn)
 g - a +0 pair of gloves (worn)
 k - the +2 ring mail of Resourcefulness (worn) {rPois Str+4 Int-4 Dex+4}
   (You found it on level 6 of the Dungeon)

   Str+4:     It affects your strength (+4).
   Int-4:     It affects your intelligence (-4).
   Dex+4:     It affects your dexterity (+4).
   rPois:     It protects you from poison
Jewellery
 a - a ring of fire
Scrolls
 e - 7 scrolls of identify
 n - 3 scrolls of teleportation
Potions
 j - 3 potions of curing
 l - a potion of resistance

Dungeon Overview and Level Annotations

Branches:
Dungeon (7/15)
 Temple: D:4-7

Altars:
Dithmenos
Ru
Vehumet
Yredelemnul

Shops:
D:4 *   D:5 ?((?(   D:6 :

Annotations:
D:6 1 runed translucent door, Crazy Yiuf


Message History

The arrow hits the deep elf pyromancer!!
The arrow burns the deep elf pyromancer.
The deep elf pyromancer is heavily wounded.
The basilisk bites you but does no damage.
The iguana bites you but does no damage.
A slime creature comes into view.
You shoot an arrow. The arrow hits the deep elf pyromancer!
The arrow burns the deep elf pyromancer.
You kill the deep elf pyromancer!
You hear a splash. x2
The basilisk gazes at you. You resist with some effort. The iguana bites you.
The basilisk bites you but does no damage.
You shoot an arrow. The arrow barely misses the basilisk.
The arrow barely misses the scorpion.
The iguana bites you! The basilisk gazes at you.
You are unaffected.
5473 ||| READING 4 scrolls of teleportation.
As you read the scroll of teleportation, it crumbles to dust.
You feel strangely unstable. The slime creature barely misses you.
The iguana bites you but does no damage.
The hound bites the plant.
The plant begins to die.
The basilisk barely misses you.
5474 ||| DRINKING potion of heal wounds.
You feel much better.
The slime creature hits you but does no damage.
The iguana bites you.
Two slime creatures merge to form a large slime creature.
The basilisk gazes at you. You resist with some effort.
You shoot an arrow. The arrow barely misses the basilisk.
The arrow hits the scorpion!!
The arrow burns the scorpion.
You kill the scorpion!
The iguana barely misses you. The basilisk bites you!
You shoot an arrow. The arrow hits the basilisk!!
The arrow burns the basilisk!
The basilisk is severely wounded.
The large slime creature hits you!!
You die... .###.################## .#77.77 ## .#7.7.7# .. .#.777.# .# .#7.7)7# .. .#77.77 #o .# 7)7 #K .#77e77 7l7777777

.#7.7.7
7@l5...7
<#7.E¤7#
##J.P~.7
##.77¤¤#
#h....7 .#.
¤.¤#
#.....7
.#.7..o#
.......7 .#
7.7)7
.....###.7
.#..~.)J.7
..o... 7..
.#.7.7.77F#
.....# 77
.# 7.7.# ).
....


You could see a large slime creature, a basilisk, a kobold brigand, an iguana, a
hound, a white imp and an orc.

Vanquished Creatures
  Pikel (D:5)
  A deep elf pyromancer (D:7)
  Prince Ribbit (D:5)
  Sigmund (D:2)
  A shadow (D:7)
  Eustachio (D:5)
  Menkaure (D:5)
  2 steam dragons (D:7)
  Edmund (D:6)
  2 vampire mosquitoes (D:7)
  2 water moccasins
  An ice beast (D:7)
  7 sky beasts (D:7)
  A black bear (D:7)
  A lemure (D:5)
  3 phantoms
  A kobold brigand (D:7)
  A gnoll sergeant (D:7)
  2 scorpions
  4 bullfrogs (D:7)
  3 wights (D:7)
  5 killer bees (D:6)
  An orc priest (D:6)
  2 gnoll boudas (D:7)
  5 hounds
  7 jellies
  2 iguanas
  Ijyb (D:3)
  6 orc wizards
  Natasha (thrice) (D:2)
  A gnoll (D:1)
  9 adders
  A white imp (D:6)
  2 dart slugs
  21 orcs
  13 bats
  7 endoplasms
  7 goblins
  7 hobgoblins
  7 jackals
  9 kobolds
  5 quokkas
  4 ball pythons
  A frilled lizard (D:1)
  2 rats (D:1)
166 creatures vanquished.

Vanquished Creatures (others)
  A deep elf pyromancer (D:7)
1 creature vanquished.

Grand Total: 167 creatures vanquished

Notes
Turn   | Place    | Note
-------+----------+-------------------------------------------
     0 | D:1      | qw the Gargoyle Hunter began the quest for the Orb.
     0 | D:1      | Reached XP level 1. HP: 12/12 MP: 1/1
     0 | D:1      | 0 ||| qw: Version: 0.3-a-76-g4403597
     0 | D:1      | 0 ||| qw: Game counter: 663
     0 | D:1      | 0 ||| qw: Melee chars always use a shield: true
     0 | D:1      | 0 ||| qw: God list: Okawaru
     0 | D:1      | 0 ||| qw: Allow faded altars: false
     0 | D:1      | 0 ||| qw: Do Orc after clearing Dungeon:15 true
     0 | D:1      | 0 ||| qw: Do second Lair branch before Depths: true
     0 | D:1      | 0 ||| qw: Lair rune preference: random
     0 | D:1      | 0 ||| qw: Goals: Normal
     0 | D:1      | 0 ||| PLANNING D:1-11
    32 | D:1      | Reached XP level 2. HP: 17/17 MP: 2/2
   231 | D:1      | Reached XP level 3. HP: 21/21 MP: 3/3
   248 | D:1      | Reached skill level 5 in Ranged Weapons
   530 | D:1      | Found a faded altar of an unknown god.
   660 | D:1      | 660 ||| UPGRADING to +0 pair of gloves.
   665 | D:1      | 665 ||| UPGRADING to +0 ring mail.
   675 | D:1      | 675 ||| DROPPING +0 leather armour.
   676 | D:1      | 676 ||| READING 2 scrolls labelled KUOTEA COTH.
   677 | D:1      | 677 ||| READING scroll labelled LEZIUN QOIVIOR.
   678 | D:1      | 678 ||| READING scroll labelled RUMUXY NAFIUMODA.
   682 | D:1      | 682 ||| DROPPING scroll of noise.
   683 | D:1      | 683 ||| DROPPING scroll of butterflies.
   722 | D:2      | Noticed Natasha
   727 | D:2      | Killed Natasha
   728 | D:2      | Reached skill level 1 in Armour
   728 | D:2      | Reached XP level 4. HP: 18/27 MP: 4/4
   834 | D:2      | Noticed Sigmund
   836 | D:2      | 836 ||| Stepping ~*~*~tactically~*~*~ (outnumbered).
   837 | D:2      | 837 ||| Stepping ~*~*~tactically~*~*~ (outnumbered).
   838 | D:2      | 838 ||| Stepping ~*~*~tactically~*~*~ (outnumbered).
   856 | D:2      | Killed Sigmund
   857 | D:2      | Reached XP level 5. HP: 18/35 MP: 5/5
   923 | D:2      | Noticed Natasha
   926 | D:2      | Killed Natasha
   927 | D:2      | Reached XP level 6. HP: 40/40 MP: 6/6
  1015 | D:2      | Noticed Natasha
  1025 | D:2      | Killed Natasha
  1372 | D:2      | 1372 ||| READING scroll labelled WUG YPSOAVU.
  1373 | D:2      | 1373 ||| DRINKING 2 murky ruby potions.
  1373 | D:2      | Gained mutation: You are vulnerable to heat. (rF-) [potion
                  | of mutation]
  1373 | D:2      | Gained mutation: Your mind is acute. (Int +4, Str/Dex -1)
                  | [potion of mutation]
  1373 | D:2      | Gained mutation: You have a pair of small antennae on your
                  | head. [potion of mutation]
  1374 | D:2      | 1374 ||| DRINKING potion of mutation.
  1374 | D:2      | Lost mutation: You have a pair of small antennae on your
                  | head. [potion of mutation]
  1374 | D:2      | Lost mutation: You are vulnerable to heat. (rF-) [potion of
                  | mutation]
  1374 | D:2      | Lost mutation: Your mind is acute. (Int +4, Str/Dex -1)
                  | [potion of mutation]
  1374 | D:2      | Gained mutation: Potions are less effective at restoring
                  | your health. [potion of mutation]
  1374 | D:2      | Gained mutation: Your flesh is cold resistant. (rC+)
                  | [potion of mutation]
  1375 | D:2      | 1375 ||| DRINKING 2 puce potions.
  1526 | D:3      | Found a radiant altar of Vehumet.
  1527 | D:3      | Found a sacrificial altar of Ru.
  1528 | D:3      | Found a basalt altar of Yredelemnul.
  1529 | D:3      | Found a shadowy altar of Dithmenos.
  1728 | D:3      | Noticed Ijyb
  1729 | D:3      | 1729 ||| Stepping ~*~*~tactically~*~*~ (outnumbered).
  1730 | D:3      | 1730 ||| Stepping ~*~*~tactically~*~*~ (outnumbered).
  1754 | D:3      | Killed Ijyb
  1755 | D:3      | Reached skill level 6 in Ranged Weapons
  2278 | D:3      | 2278 ||| UPGRADING to +0 pair of boots.
  2283 | D:3      | 2283 ||| READING 2 scrolls labelled FAKKUN WEIDI.
  2284 | D:3      | 2284 ||| READING scroll labelled MOURHU DYEDAU.
  2285 | D:3      | 2285 ||| READING scroll labelled BAUMILUISO.
  2285 | D:3      | Identified a scroll of acquirement
  2285 | D:3      | 2285 ||| ACQUIRING +3 longbow of flaming
  2285 | D:3      | Acquired a +3 longbow of flaming
  2287 | D:3      | 2287 ||| SWAPPING to +3 longbow of flaming.
  2288 | D:3      | 2288 ||| DROPPING +0 shortbow.
  2289 | D:3      | 2289 ||| READING scroll labelled XEC NOZUUSA.
  2290 | D:3      | 2290 ||| READING 2 scrolls of identify.
  2290 | D:3      | 2290 ||| IDENTIFYING brown potion
  2291 | D:3      | 2291 ||| DROPPING scroll of amnesia.
  2292 | D:3      | 2292 ||| DROPPING potion of attraction.
  2362 | D:4      | Reached XP level 7. HP: 44/44 MP: 7/7
  2460 | D:4      | Found Ybloetoa's Assorted Antiques.
  2463 | D:4      | 2463 ||| BUYING scroll labelled LUOHIA MESUD (22 gold).
  2463 | D:4      | Bought a scroll labelled LUOHIA MESUD for 22 gold pieces
  2565 | D:4      | 2565 ||| FLEEEEING.
  2566 | D:4      | 2566 ||| STAIRDANCE
  2584 | D:3      | 2584 ||| READING scroll labelled LUOHIA MESUD.
  2885 | D:4      | Reached skill level 7 in Ranged Weapons
  3084 | D:4      | 3084 ||| UPGRADING to +0 helmet.
  3089 | D:4      | 3089 ||| DRINKING 2 black potions.
  3090 | D:4      | 3090 ||| DRINKING 2 glowing yellow potions.
  3091 | D:4      | 3091 ||| READING 2 scrolls of identify.
  3091 | D:4      | 3091 ||| IDENTIFYING fuming orange potion
  3092 | D:4      | 3092 ||| DROPPING potion of berserk rage.
  3093 | D:4      | 3093 ||| DROPPING potion of brilliance.
  3125 | D:5      | Entered Level 5 of the Dungeon
  3156 | D:5      | 3156 ||| DRINKING potion of mutation.
  3156 | D:5      | Lost mutation: Potions are less effective at restoring your
                  | health. [potion of mutation]
  3156 | D:5      | Lost mutation: Your flesh is cold resistant. (rC+) [potion
                  | of mutation]
  3156 | D:5      | Gained mutation: Your spells are a little easier to cast,
                  | but a little less powerful. [potion of mutation]
  3156 | D:5      | Gained mutation: Your flesh is heat resistant. (rF+)
                  | [potion of mutation]
  3156 | D:5      | Gained mutation: You possess an exceptional clarity of
                  | mind. [potion of mutation]
  3167 | D:5      | Noticed Prince Ribbit
  3183 | D:5      | Killed Prince Ribbit
  3416 | D:5      | Noticed Pikel
  3416 | D:5      | 3416 ||| RETREATING.
  3429 | D:5      | Killed Pikel
  3430 | D:5      | Reached skill level 9 in Ranged Weapons
  3430 | D:5      | Reached XP level 8. HP: 45/49 MP: 8/8
  3454 | D:5      | Noticed Menkaure
  3456 | D:5      | Killed Menkaure
  3502 | D:5      | Reached skill level 6 in Fighting
  3534 | D:5      | Noticed Eustachio
  3538 | D:5      | 3538 ||| FLEEEEING.
  3545 | D:5      | Killed Eustachio
  3571 | D:5      | Found Balili's Weapon Shop.
  3598 | D:5      | Found Heupnuha's Magic Scroll Boutique.
  3604 | D:5      | 3604 ||| BUYING scroll of identify (22 gold).
  3604 | D:5      | Bought a scroll of identify for 22 gold pieces
  3604 | D:5      | 3604 ||| BUYING scroll of identify (22 gold).
  3604 | D:5      | Bought a scroll of identify for 22 gold pieces
  3604 | D:5      | 3604 ||| BUYING scroll of teleportation (33 gold).
  3604 | D:5      | Bought a scroll of teleportation for 33 gold pieces
  3604 | D:5      | 3604 ||| BUYING scroll of teleportation (33 gold).
  3604 | D:5      | Bought a scroll of teleportation for 33 gold pieces
  3609 | D:5      | Found Teiluat's Weapon Shoppe.
  3614 | D:5      | Reached XP level 9. HP: 55/55 MP: 9/9
  3696 | D:5      | Found Emmuarow's Antique Weapon Boutique.
  3738 | D:5      | Found Siemeh's Magic Scroll Shop.
  3744 | D:5      | 3744 ||| BUYING scroll of identify (22 gold).
  3744 | D:5      | Bought a scroll of identify for 22 gold pieces
  3744 | D:5      | 3744 ||| BUYING scroll of identify (22 gold).
  3744 | D:5      | Bought a scroll of identify for 22 gold pieces
  3744 | D:5      | 3744 ||| BUYING scroll of identify (22 gold).
  3744 | D:5      | Bought a scroll of identify for 22 gold pieces
  3744 | D:5      | 3744 ||| BUYING scroll of teleportation (33 gold).
  3744 | D:5      | Bought a scroll of teleportation for 33 gold pieces
  3768 | D:5      | 3768 ||| READING 6 scrolls of identify.
  3768 | D:5      | 3768 ||| IDENTIFYING silvery potion
  3769 | D:5      | 3769 ||| READING 5 scrolls of identify.
  3769 | D:5      | 3769 ||| IDENTIFYING sedimented white potion
  3770 | D:5      | 3770 ||| READING 4 scrolls of identify.
  3770 | D:5      | 3770 ||| IDENTIFYING fuming cyan potion
  3771 | D:5      | 3771 ||| DROPPING potion of magic.
  3772 | D:5      | 3772 ||| DROPPING potion of degeneration.
  3818 | D:6      | 3818 ||| FLEEEEING.
  3840 | D:6      | Reached skill level 10 in Ranged Weapons
  4168 | D:6      | 4168 ||| FLEEEEING.
  4243 | D:6      | Found Fiennoal's Self-Improvement Boutique.
  4420 | D:6      | Noticed Edmund
  4423 | D:6      | Killed Edmund
  4566 | D:6      | Identified the +2 ring mail of Resourcefulness {rPois Str+4
                  | Int-4 Dex+4}
  4651 | D:6      | Found a runed translucent door.
  4652 | D:6      | Noticed Crazy Yiuf
  4887 | D:6      | 4887 ||| UPGRADING to +2 robe of fire resistance.
  4897 | D:6      | 4897 ||| DROPPING +0 ring mail.
  4898 | D:6      | 4898 ||| UPGRADING to +2 ring mail of Resourcefulness
                  | {rPois Str+4 Int-4 Dex+4}.
  4908 | D:6      | 4908 ||| DROPPING +2 robe of fire resistance.
  4909 | D:6      | 4909 ||| DRINKING 3 fuming puce potions.
  4960 | D:6      | 4960 ||| DROPPING 2 potions of lignification.
  5028 | D:7      | 5028 ||| STAIRDANCE
  5166 | D:7      | Reached skill level 3 in Dodging
  5306 | D:7      | Reached skill level 11 in Ranged Weapons
  5358 | D:7      | 5358 ||| Stepping ~*~*~tactically~*~*~ (outnumbered).
  5360 | D:7      | 5360 ||| Stepping ~*~*~tactically~*~*~ (outnumbered).
  5364 | D:7      | 5364 ||| Stepping ~*~*~tactically~*~*~ (retreating).
  5368 | D:7      | Reached XP level 10. HP: 56/64 MP: 10/10
  5396 | D:7      | 5396 ||| RETREATING.
  5414 | D:7      | 5414 ||| Stepping ~*~*~tactically~*~*~ (retreating).
  5423 | D:7      | Reached skill level 12 in Ranged Weapons
  5431 | D:7      | Noticed a deep elf pyromancer
  5438 | D:7      | 5438 ||| Stepping ~*~*~tactically~*~*~ (retreating).
  5446 | D:7      | 5446 ||| Stepping ~*~*~tactically~*~*~ (retreating).
  5447 | D:7      | 5447 ||| Stepping ~*~*~tactically~*~*~ (retreating).
  5450 | D:7      | HP: 13/64 [deep elf pyromancer] (13)]
  5451 | D:7      | 5451 ||| READING 5 scrolls of teleportation.
  5452 | D:7      | 5452 ||| DRINKING 3 potions of heal wounds.
  5453 | D:7      | 5453 ||| DRINKING 2 potions of heal wounds.
  5454 | D:7      | 5454 ||| Stepping ~*~*~tactically~*~*~ (retreating).
  5455 | D:7      | 5455 ||| Stepping ~*~*~tactically~*~*~ (water).
  5456 | D:7      | 5456 ||| RETREATING.
  5457 | D:7      | Noticed a deep elf pyromancer
  5458 | D:7      | 5458 ||| Stepping ~*~*~tactically~*~*~ (retreating).
  5460 | D:7      | Identified the amulet "Kastrah" {rC+ Regen+}
  5462 | D:7      | Killed a deep elf pyromancer
  5471 | D:7      | Killed a deep elf pyromancer
  5472 | D:7      | HP: 11/64 [iguana (7)]
  5473 | D:7      | 5473 ||| READING 4 scrolls of teleportation.
  5474 | D:7      | 5474 ||| DRINKING potion of heal wounds.
  5476 | D:7      | Mangled by a large slime creature

Levels and vault maps discovered:
D:1:      dpeg_arrival_windows_large_door, layout_loops_ring,
          dreamdust_ecumenical_altar_angels_and_demons
D:2:      layout_basic, minmay_tetromino_s2, uniq_natasha, uniq_sigmund
D:3:      layout_loops_cross, mainiacjoe_overflow_alcove_3,
          kennysheep_generic_room_6, uniq_ijyb
D:4:      layout_loops_ring, serial_shops, kennysheep_mini_moat
D:5:      layout_gridville, serial_shops, shop, nicolae_shop_behind_doors, shop,
          shop, shop, uniq_eustachio, uniq_pikel, uniq_menkaure,
          uniq_prince_ribbit1
D:6:      layout_basic, minmay_strange_pillars, minmay_misc_feat_tiny,
          nicolae_shop_self_help, uniq_edmund, uniq_crazy_yiuf_cottage
D:7:      nzn_winding_woodlands_large [nzn_winding_woodlands_hourglass,
          nzn_winding_woodlands_5x15_pool, nzn_winding_woodlands_5x5_open_star,
          nzn_winding_woodlands_center_pierced_h,
          nzn_winding_woodlands_15x15_five_gardens,
          nzn_winding_woodlands_center_garden,
          nzn_winding_woodlands_5x5_closed_star, nzn_winding_woodlands_5x15_eye,
          nzn_winding_woodlands_5x5_cross], layout_basic,
          minmay_temple_entry_nine_rooms

Skill      XL: |  1  2  3  4  5  6  7  8  9 10 |
---------------+-------------------------------+-----
Ranged Weapons | 5 6 9 11 12 | 12.8
Armour         | 1 4 |  4.1
Fighting       | 5 6 8 |  8.0
Dodging        | 2 3 4 |  4.2
Stealth        | |  1.1

Action                     |  1- 3 |  4- 6 |  7- 9 | 10-12 || total
---------------------------+-------+-------+-------+-------++-------
   Fire: Shortbow          |    61 |   189 |       |       ||   250
         Longbow           |       |     6 |   182 |    67 ||   255
    Use: Scroll            |     3 |     6 |     5 |     2 ||    16
         Potion            |       |     3 |     4 |     3 ||    10
 Armour: Leather armour    |     6 |       |       |       ||     6
         Ring mail         |     4 |   107 |    59 |    72 ||   242
  Dodge: Dodged            |     7 |    62 |    49 |    44 ||   162

Table legend:
 A = Non-vault XP
 B = Vault XP
 C = Vault XP percentage of total XP
 D = Non-vault monster count
 E = Vault monster count
 F = Vault count percentage of total count
                 A         B        C        D         E       F
            +---------+---------+-------+---------+---------+-------
      Total |    2118 |    5356 |  71.7 |     118 |      47 |  28.5
            +---------+---------+-------+---------+---------+-------
        D:1 |      47 |       0 |   0.0 |      21 |       0 |   0.0
        D:2 |     143 |     252 |  63.8 |      16 |       4 |  20.0
        D:3 |      45 |      88 |  66.2 |      20 |       5 |  20.0
        D:4 |     201 |       0 |   0.0 |      19 |       0 |   0.0
        D:5 |     352 |    1294 |  78.6 |       8 |       4 |  33.3
        D:6 |     966 |     171 |  15.0 |      23 |       1 |   4.2
        D:7 |     364 |    3551 |  90.7 |      11 |      33 |  75.0
            +---------+---------+-------+---------+---------+-------
